Cogmind - Beta 16.1 @@@ ROGUE MODE // 2026.04.08 @ 09:21:32 Player: Lazz Result: Destroyed 0b10! Performance ------------- Evolutions (9) 4500 Regions Visited (11) 2200 Robots Destroyed (26) 130 Value Destroyed (612) 612 Prototype IDs (7) 140 Alien Tech Used (1) 200 Bonus (12833) 12833 TOTAL SCORE: 20615 Bonus ------- Scanned by Researcher 500 Met Sigix 2000 Escaped with Sigix 5000 Win 3000 Win Speed 2333 Cogmind --------- Core Integrity 1514/1600 Matter 108/300 Energy 808/820 System Corruption 0% Temperature Cool (12) Movement Hovering (33) Location Tau Ceti IV Orbit Parts ------- > --- POWER (3) -------- Light Nuclear Core Light Nuclear Core > --- PROPULSION (7) --- Cooled Airjet Cooled Aerolev Unit Antigrav Array Antigrav Array > --- UTILITY (13) ----- Medium Storage Unit Experimental Energy Well Structural Scanner Machine Analyzer Advanced Signal Interpreter Hacking Suite Improved Hacking Suite Improved Hacking Suite Advanced Hacking Suite System Shield Improved System Shield Experimental System Shield Improved System Restoration Module > --- WEAPON (2) ------- Chainsword > --- INVENTORY (10) --- Light Quantum Reactor Armored Wheel Aerolev Unit Linear Gravjet Improved Antigrav System High-capacity Matter Pod (200) Enhanced Hardcell Cannon Micro-nuke Launcher Sigix Containment Pod Peak State ------------ > --- POWER ------------ Light Nuclear Core Light Nuclear Core Particle Reactor > --- PROPULSION ------- Airjet Cooled Airjet Cooled Aerolev Unit Antigrav Array Antigrav Array > --- UTILITY ---------- Medium Storage Unit Structural Scanner Machine Analyzer Advanced Signal Interpreter Hacking Suite Improved Hacking Suite Improved Hacking Suite Advanced Hacking Suite System Shield Improved System Shield Experimental System Shield Improved System Restoration Module > --- WEAPON ----------- Chainsword > --- INVENTORY -------- Quantum Reactor Armored Wheel Aerolev Unit Linear Gravjet Improved Antigrav System Experimental Energy Well High-capacity Matter Pod Enhanced Hardcell Cannon Sigix Containment Pod [Rating: 121] Favorites ----------- Power Light Nuclear Core Engine Ion Engine Power Core Light Nuclear Core Reactor Particle Reactor Propulsion Airjet Treads Light Treads Wheel Armored Wheel Hover Unit Airjet Utility Structural Scanner Device Structural Scanner Storage Medium Storage Unit Processor Machine Analyzer Hackware Hacking Suite Weapon Field Laser Energy Gun Field Laser Ballistic Gun Light Assault Rifle Slashing Weapon Chainsword Build | -11 -10 -9 -8 -7 -6 -5 -4 -3 -2 -2 -1 ------- Run | Yrd Mat Mat Mat Fac Fac Fac Fac Res Res Qua Acc Slots Evolved 18 | . . 2 2 2 2 2 2 2 2 . 2 Power 2 | . . . . 1 . . . 1 . . . Propulsion 5 | . . . 1 1 1 . . 1 . . 1 Utility 11 | . . 2 1 . 1 2 2 . 2 . 1 Weapon . | . . . . . . . . . . . . Parts Attached 66 | 7 3 15 4 12 2 5 4 3 4 3 4 Power 11 | 1 1 2 1 3 . . . 1 1 1 . Engine 4 | 1 1 2 . . . . . . . . . Core 5 | . . . 1 3 . . . . . 1 . Reactor 2 | . . . . . . . . 1 1 . . Propulsion 18 | 2 1 4 1 4 1 . . 1 . 2 2 Treads 3 | 2 1 . . . . . . . . . . Leg . | . . . . . . . . . . . . Wheel 1 | . . . . 1 . . . . . . . Hover 14 | . . 4 1 3 1 . . 1 . 2 2 Flight . | . . . . . . . . . . . . Utility 28 | 2 1 4 1 5 1 4 4 1 3 . 2 Device 11 | 1 1 1 . 3 . 1 2 . 1 . 1 Storage 3 | 1 . 1 . . . . . . 1 . . Processor 6 | . . 1 . 2 . 2 1 . . . . Hackware 8 | . . 1 1 . 1 1 1 1 1 . 1 Protection . | . . . . . . . . . . . . Artifact . | . . . . . . . . . . . . Weapon 9 | 2 . 5 1 . . 1 . . . . . Energy Gun 5 | . . 4 . . . 1 . . . . . Energy Cannon . | . . . . . . . . . . . . Ballistic Gun 2 | 2 . . . . . . . . . . . Ballistic Cannon . | . . . . . . . . . . . . Launcher . | . . . . . . . . . . . . Special Weapon . | . . . . . . . . . . . . Impact Weapon . | . . . . . . . . . . . . Slashing Weapon 2 | . . 1 1 . . . . . . . . Piercing Weapon . | . . . . . . . . . . . . Special Melee Weapon . | . . . . . . . . . . . . Unidentified Prototypes 5 | . . 1 . . 1 . . . 2 . 1 Parts Lost 15 | . . 3 4 1 1 . . . . 5 1 Power 3 | . . 1 . . . . . . . 1 1 Propulsion 5 | . . 1 1 1 . . . . . 2 . Utility 6 | . . 1 3 . . . . . . 2 . Weapon 1 | . . . . . 1 . . . . . . Highest Loss Streak 5 | . . 2 3 1 1 . . . . 5 1 To Critical Strikes . | . . . . . . . . . . . . Average Backups 8 | 2 7 9 9 9 9 10 9 8 9 7 7 Power 1 | . . . . . 2 2 2 2 2 1 1 Propulsion 3 | 1 2 4 3 3 3 4 3 3 3 2 3 Utility 1 | . 2 1 1 1 1 1 2 2 3 2 1 Weapon 2 | . 1 3 4 4 3 2 1 1 1 . 1 Tool/Special . | . . . . . . . . . . . . Unused Backups 20 | . 2 4 . 4 . 1 2 . 2 1 4 Power 2 | . . . . . . . . . 1 . 1 Propulsion 8 | . 1 4 . 1 . . 1 . 1 . . Utility 2 | . 1 . . . . . . . . . 1 Weapon 7 | . . . . 2 . 1 1 . . 1 2 Tool/Special 1 | . . . . 1 . . . . . . . Average Slot Usage (%) 95 | . 100 93 97 97 96 92 99 97 91 94 80 Engine 3 | . 14 10 1 . . . . . . . . Core 6 | . . . 7 15 13 11 10 9 8 7 8 Reactor 1 | . . . . . . . . 2 4 4 1 Treads 4 | . 28 1 . . . . . . . . . Hover 20 | . . 17 26 29 33 29 26 28 26 25 19 Device 14 | . 14 23 8 13 13 15 20 13 8 10 6 Storage 7 | . 14 11 9 7 6 5 5 4 4 4 5 Processor 6 | . . 6 9 6 6 9 10 9 8 8 8 Hackware 11 | . . 1 16 7 12 11 15 19 21 26 26 Energy Gun 5 | . . 19 13 7 3 . 5 4 4 2 . Ballistic Gun 4 | . 28 1 . . . . . . . . . Slashing Weapon 3 | . . . 4 7 6 5 5 4 4 4 4 Peak Build Rating 121 | 7 8 25 33 40 48 57 71 87 97 102 121 Average Rating 50 | 5 7 21 31 38 46 50 65 82 89 98 116 On Entrance 46 | . 7 8 25 24 40 46 57 71 87 97 96 Avg Prop Armor Cover (%) . | . . . . . . . . . . . . Naked Turns . | . . . . . . . . . . . . Heaviest Build 59 | 11 13 25 25 32 29 30 31 48 59 48 44 Greatest Support 90 | 40 40 40 24 35 43 43 43 55 55 55 90 Greatest Overweight (x) 4 | . . 4 1 . . . . . 1 . . Average Overweight (x) . | . . 1 . . . . . . . . . Largest Inventory Capacity 10 | 8 8 10 10 10 10 10 10 10 10 10 10 Average Capacity 9 | 7 8 9 10 10 10 10 10 10 10 10 10 Most Carried 10 | 5 8 10 10 10 10 10 10 9 10 10 10 Average Carried 8 | 2 7 9 9 9 9 9 9 8 9 9 9 Final Capacity 10 | 8 8 10 10 10 10 10 10 10 10 10 10 Final Carried 10 | 5 8 10 10 10 10 10 9 9 10 9 10 Class Distribution -------------------- 38% | Hacker-Scout 36% | Mutant 8% | Wizard-Scout 7% | Scout 4% | Wizard-Sprinter 4% | Hacker-Mutant Dominant Class ---------------- Mutant | -10/Materials Mutant | -9/Materials Hacker-Mutant | -8/Materials Scout | -7/Factory Hacker-Scout | -6/Factory Hacker-Scout | -5/Factory Hacker-Scout | -4/Factory Hacker-Scout | -3/Research Hacker-Scout | -2/Research Wizard-Scout | -2/Quarantine Wizard-Sprinter | -1/Access Resources | -11 -10 -9 -8 -7 -6 -5 -4 -3 -2 -2 -1 ----------- Run | Yrd Mat Mat Mat Fac Fac Fac Fac Res Res Qua Acc Matter Collected 1093 | 326 233 232 . 16 188 66 . . . . 32 Remotely . | . . . . . . . . . . . . Salvage Created 1074 | 220 174 366 . 16 188 78 . . . . 32 Parts 63 | 14 13 19 . 5 5 4 . . . . 3 Haulers Intercepted 1 | . . . . . 1 . . . . . . Recyclers Shooed . | . . . . . . . . . . . . Parts Field Recycled . | . . . . . . . . . . . . Retrieved Matter . | . . . . . . . . . . . . Parts Self-Destructed . | . . . . . . . . . . . . Prevented . | . . . . . . . . . . . . Parts Restored . | . . . . . . . . . . . . Kills | -11 -10 -9 -8 -7 -6 -5 -4 -3 -2 -2 -1 ------- Run | Yrd Mat Mat Mat Fac Fac Fac Fac Res Res Qua Acc Combat Hostiles Destroyed 13 | . 6 7 . . . . . . . . . Guns 13 | . 6 7 . . . . . . . . . Classes Destroyed 10 | 3 2 2 . 1 1 1 . . . . . Worker 1 | 1 . . . . . . . . . . . Builder 2 | . . . . 1 . 1 . . . . . Tunneler 5 | 5 . . . . . . . . . . . Hauler 1 | . . . . . 1 . . . . . . Recycler 1 | 1 . . . . . . . . . . . Mechanic 1 | . . . . . . 1 . . . . . Operator 2 | . . 1 . . . . . . . . 1 Swarmer 3 | . 3 . . . . . . . . . . Grunt 7 | . 3 4 . . . . . . . . . Sentry 3 | . . 3 . . . . . . . . . Best Kill Streak 6 | 6 3 2 . 1 1 1 . . . . 1 Combat Bots Only 3 | . 3 2 . . . . . . . . . Max Kills in Single Turn 1 | 1 1 1 . 1 1 1 . . . . 1 Gunslinging . | . . . . . . . . . . . . Exploded . | . . . . . . . . . . . . Melee . | . . . . . . . . . . . . Uniques/NPCs Destroyed . | . . . . . . . . . . . . Combat | -11 -10 -9 -8 -7 -6 -5 -4 -3 -2 -2 -1 -------- Run | Yrd Mat Mat Mat Fac Fac Fac Fac Res Res Qua Acc Hostile Shots Fired 233 | . 57 37 29 38 . . 2 . 2 44 24 Missed 96 | . 16 10 10 23 . . 1 . 1 19 16 Hits 137 | . 41 27 19 15 . . 1 . 1 25 8 Melee 1 | . . . . . . . . . . . 1 Projectile 136 | . 41 27 19 15 . . 1 . 1 25 7 Critical Strikes 3 | . . 1 . . . . . . . 1 1 Damage Taken 2406 | . 435 390 353 214 72 . 18 45 27 591 261 Core 471 | . 92 57 41 56 6 . 18 . . 115 86 Absorbed by Shields 7 | . . . . . . . . . . 7 . Core Remaining (%) 92 | 100 63 85 92 92 99 100 98 100 . 92 94 Volleys Fired 69 | 18 25 24 . 1 . 1 . . . . . Largest 2 | 2 2 2 . 1 . 1 . . . . . Hottest 126 | 40 40 126 . 63 . 63 . . . . . Shots Fired 135 | 36 50 47 . 1 . 1 . . . . . Gun 135 | 36 50 47 . 1 . 1 . . . . . Cannon . | . . . . . . . . . . . . Launcher . | . . . . . . . . . . . . Special . | . . . . . . . . . . . . Kinetic 86 | 36 50 . . . . . . . . . . Thermal 49 | . . 47 . 1 . 1 . . . . . Explosive . | . . . . . . . . . . . . Electromagnetic . | . . . . . . . . . . . . Robot Hit Streak 12 | 10 8 12 . . . . . . . . . Robot Miss Streak 3 | 2 3 1 . . . 1 . . . . . Penetration Max . | . . . . . . . . . . . . Secondary Targets 1 | . 1 . . . . . . . . . . Max Gunslinging Chain 1 | . 1 . . . . . . . . . . Shots Hit Robots 111 | 28 36 35 . 1 3 3 . 1 . 1 3 Core Hits 44 | 13 13 13 . 1 1 1 . . . 1 1 Critical Kills . | . . . . . . . . . . . . Critical Parts Destroyed . | . . . . . . . . . . . . Critical Strikes 2 | . . . . . 1 . . . . . 1 Sever 2 | . . . . . 1 . . . . . 1 Melee Attacks 98 | . . 3 14 12 3 13 11 10 10 8 14 Impact . | . . . . . . . . . . . . Slashing 98 | . . 3 14 12 3 13 11 10 10 8 14 Piercing . | . . . . . . . . . . . . Sneak Attacks 4 | . . . . 1 1 1 . 1 . . . Combat Hostiles . | . . . . . . . . . . . . Follow-up Attacks . | . . . . . . . . . . . . Damage Inflicted 2016 | 221 291 604 . 70 230 155 . 175 . 120 150 Guns 1116 | 221 291 604 . . . . . . . . . Cannons . | . . . . . . . . . . . . Explosions . | . . . . . . . . . . . . Melee 736 | . . . . 70 230 155 . 85 . 46 150 Ramming 164 | . . . . . . . . 90 . 74 . Kinetic 512 | 221 291 . . . . . . . . . . Thermal 604 | . . 604 . . . . . . . . . Explosive . | . . . . . . . . . . . . Electromagnetic . | . . . . . . . . . . . . Impact . | . . . . . . . . . . . . Slashing 736 | . . . . 70 230 155 . 85 . 46 150 Piercing . | . . . . . . . . . . . . Highest Corruption 7 | . . . 7 . . . . . . 4 . Average Corruption 4 | . . . 7 . . . . . . 3 . Corruption Purged . | . . . . . . . . . . . . Corruption Blocked . | . . . . . . . . . . . . Overload Shots . | . . . . . . . . . . . . Overflow Damage 97 | . . . . . 10 30 . 45 . 6 6 Projectiles . | . . . . . . . . . . . . Explosions . | . . . . . . . . . . . . Melee 97 | . . . . . 10 30 . 45 . 6 6 Knockbacks . | . . . . . . . . . . . . Impact . | . . . . . . . . . . . . Kinetic . | . . . . . . . . . . . . Secondary . | . . . . . . . . . . . . Self-Inflicted Damage 79 | . . . . . . . . 45 . 34 . Shots . | . . . . . . . . . . . . Rammed 7 | . . . . . . . . 1 . 6 . Targets Rammed 7 | . . . . . . . . 1 . 6 . Kicked . | . . . . . . . . . . . . Crushed . | . . . . . . . . . . . . Highest Temperature 359 | . 22 359 3 34 . 22 . . . . . Average Temperature 92 | . 10 112 3 11 . 13 . . . . . Received Heat Transfer 516 | . 186 189 45 60 . . . . 9 27 . Siege Activations . | . . . . . . . . . . . . Martial Activations . | . . . . . . . . . . . . Shielding Activations . | . . . . . . . . . . . . Robots Disrupted . | . . . . . . . . . . . . Combat Hostiles . | . . . . . . . . . . . . Robots Corrupted . | . . . . . . . . . . . . Combat Hostiles . | . . . . . . . . . . . . Parts Fried . | . . . . . . . . . . . . Impact Corruptions . | . . . . . . . . . . . . Robots Melted . | . . . . . . . . . . . . Combat Hostiles . | . . . . . . . . . . . . Parts Melted 6 | . . 6 . . . . . . . . . Heat Transferred 1295 | . . 1295 . . . . . . . . . Parts Sabotaged . | . . . . . . . . . . . . Parts Stolen . | . . . . . . . . . . . . Parts Stripped . | . . . . . . . . . . . . Power Chain Reactions . | . . . . . . . . . . . . Alert | -11 -10 -9 -8 -7 -6 -5 -4 -3 -2 -2 -1 ------- Run | Yrd Mat Mat Mat Fac Fac Fac Fac Res Res Qua Acc Maximum Alert Level . | . . . . . . . . . . . . Low Security (%) 100 | 100 100 100 100 100 100 100 100 100 100 100 100 Level 1 . | . . . . . . . . . . . . Level 2 . | . . . . . . . . . . . . Level 3 . | . . . . . . . . . . . . Level 4 . | . . . . . . . . . . . . Level 5 . | . . . . . . . . . . . . High Security . | . . . . . . . . . . . . Max Security . | . . . . . . . . . . . . Peak Influence 133 | 15 60 56 61 126 15 68 17 37 54 67 133 Initial 38 | . . . 5 9 . 7 . 1 20 16 38 Average 15 | 2 13 16 21 34 1 15 1 2 9 26 40 Influence Increases 1629 | 35 177 221 163 213 27 130 55 74 78 214 242 Destroy 0b10 Robot/C 260 | . 120 140 . . . . . . . . . Destroy 0b10 Robot/NC 70 | 35 . 5 . 5 10 10 . . . . 5 Destroy Leader 72 | . 20 50 . . 2 . . . . . . Successful Hack 159 | . 7 6 3 4 . 40 5 30 21 19 24 Select Force Hacks 30 | . 30 . . . . . . . . . . Disable Machine 60 | . . . . 30 . . 15 . . 15 . Destroy Structure 138 | . . 5 10 9 . 20 20 14 27 15 18 Partial Spotted 120 | . . . 15 15 15 . 15 . 30 . 30 Lose Combat Pursuer 720 | . . 15 135 150 . 60 . 30 . 165 165 Influence Decreases 1584 | 35 177 206 156 235 12 145 51 41 85 179 262 Entered New Map 92 | . . . 10 13 . 8 . 3 17 14 27 Time Decay 1069 | 35 177 176 55 87 12 137 49 38 65 148 90 Lost Part 85 | . . 30 40 5 . . . . . . 10 Lost Ally 10 | . . . . . . . . . . 10 . Purge Threat 328 | . . . 51 130 . . 2 . 3 7 135 Squads Dispatched 20 | . 2 1 2 2 . . 2 2 2 3 4 Investigation 7 | . 2 1 1 1 . . 1 . 1 . . Extermination 5 | . . . . . . . 1 1 1 1 1 Reinforcement 8 | . . . 1 1 . . . 1 . 2 3 Assault . | . . . . . . . . . . . . Garrison . | . . . . . . . . . . . . Intercept . | . . . . . . . . . . . . Searches Triggered . | . . . . . . . . . . . . Construction Impeded . | . . . . . . . . . . . . Haulers Reinforced . | . . . . . . . . . . . . Active Scanning Responses . | . . . . . . . . . . . . Cargo Convoy Interrupts . | . . . . . . . . . . . . Stealth | -11 -10 -9 -8 -7 -6 -5 -4 -3 -2 -2 -1 --------- Run | Yrd Mat Mat Mat Fac Fac Fac Fac Res Res Qua Acc Distress Signals 7 | . 1 1 1 . . 1 . . . 2 1 Communications Jammed . | . . . . . . . . . . . . Distress Signals . | . . . . . . . . . . . . Times Spotted 110 | . 14 8 16 11 1 6 7 6 1 17 23 Peak Tracking Total 13 | . 6 3 13 6 1 5 6 7 2 10 12 Tactical Retreats 17 | . . 1 3 4 . 1 . 1 . 4 3 Traps | -11 -10 -9 -8 -7 -6 -5 -4 -3 -2 -2 -1 ------- Run | Yrd Mat Mat Mat Fac Fac Fac Fac Res Res Qua Acc Traps Triggered 6 | . 1 . . 1 1 . . . 1 2 . Indirectly . | . . . . . . . . . . . . Trap Hack Attempts . | . . . . . . . . . . . . Triggered . | . . . . . . . . . . . . Disarmed 1 | . . . . . . . . . . 1 . Reprogrammed . | . . . . . . . . . . . . Reused . | . . . . . . . . . . . . Traps Extracted . | . . . . . . . . . . . . Installed . | . . . . . . . . . . . . Triggered . | . . . . . . . . . . . . Machines | -11 -10 -9 -8 -7 -6 -5 -4 -3 -2 -2 -1 ---------- Run | Yrd Mat Mat Mat Fac Fac Fac Fac Res Res Qua Acc Machines Disabled 4 | . . . . 2 . . 1 . . 1 . Max in Single Turn 1 | . . . . 1 . . 1 . . 1 . Garrison Access 5 | . . . 1 . 1 2 . . . . 1 Machines Repaired . | . . . . . . . . . . . . Machines Dismantled . | . . . . . . . . . . . . Machines Sabotaged . | . . . . . . . . . . . . Overloaded Fab Kills . | . . . . . . . . . . . . Hacking | -11 -10 -9 -8 -7 -6 -5 -4 -3 -2 -2 -1 --------- Run | Yrd Mat Mat Mat Fac Fac Fac Fac Res Res Qua Acc Machines Accessed 50 | . 3 3 5 4 1 8 3 4 4 10 5 Terminals 34 | . 1 2 4 2 . 3 2 4 3 10 3 Fabricators 2 | . . . . 1 . 1 . . . . . Repair Stations . | . . . . . . . . . . . . Recycling Units 4 | . 2 . . . . 1 1 . . . . Scanalyzers 4 | . . 1 . 1 . 1 . . 1 . . Garrison Access 6 | . . . 1 . 1 2 . . . . 2 Total Hacks 162 | . 7 13 14 14 1 17 8 9 21 45 13 Successful 79 | . 3 9 7 9 1 9 4 3 9 20 5 Failed 80 | . 4 3 7 4 . 8 4 6 11 25 8 Catastrophic 15 | . 1 . 1 . . 4 . . 1 8 . Database Lockouts 3 | . . 1 . 1 . . . . 1 . . Manual 82 | . 5 7 12 9 . 6 3 1 7 30 2 Terminals 126 | . 2 7 13 8 . 8 6 9 18 45 10 Fabricators 4 | . . . . 2 . 2 . . . . . Repair Stations . | . . . . . . . . . . . . Recycling Units 8 | . 5 . . . . 1 2 . . . . Scanalyzers 16 | . . 6 . 4 . 3 . . 3 . . Garrison Access 8 | . . . 1 . 1 3 . . . . 3 Terminal Hacks 44 | . 1 3 4 4 . 3 1 3 6 15 4 Record 5 | . . . . . . . . 1 1 3 . Robot Analysis 2 | . . 2 . . . . . . . . . Prototype ID Bank 1 | . . . 1 . . . . . . . . Open Door 2 | . . . . . . . . . . 1 1 Level Access Points 3 | . . . 1 . . . . 1 . . 1 Branch Access Points 4 | . . . . 1 . 1 . . 1 1 . Terminal Index 4 | . . . 1 1 . 1 . . 1 . . Unreport Threat 10 | . . . 1 1 . . 1 . 2 3 2 Locate Traps 1 | . . . . . . . . . . 1 . Disarm Traps 2 | . . . . . . . . . . 2 . Dispatch Records 1 | . . . . . . . . . . 1 . Surveillance Status 1 | . 1 . . . . . . . . . . Recall Investigation 3 | . . 1 . 1 . . . . . 1 . Recall Assault 1 | . . . . . . . . . . 1 . Registered Components 1 | . . . . . . 1 . . . . . Zone Layout 3 | . . . . . . . . 1 1 1 . Fabricator Hacks . | . . . . . . . . . . . . Repair Station Hacks . | . . . . . . . . . . . . Recycling Unit Hacks 3 | . 1 . . . . 1 1 . . . . Report Inventory 3 | . 1 . . . . 1 1 . . . . Scanalyzer 13 | . . 6 . 3 . 2 . . 2 . . Insert Component 3 | . . 2 . 1 . . . . . . . Analyze 4 | . . 4 . . . . . . . . . Retrieve Study 6 | . . . . 2 . 2 . . 2 . . Garrison Access Hacks 5 | . . . 1 . 1 2 . . . . 1 Seal Access 5 | . . . 1 . 1 2 . . . . 1 Unauthorized Hacks 14 | . 1 . 2 2 . 1 2 . 1 5 . Terminals 12 | . . . 2 2 . . 2 . 1 5 . Track 1 | . . . . . . . . . . 1 . Assimilate 4 | . . . . . . . 1 . . 3 . Botnet 6 | . . . 2 2 . . 1 . 1 . . Operators 1 | . . . . . . . . . . 1 . Fabricators 1 | . . . . . . 1 . . . . . Fabnet 1 | . . . . . . 1 . . . . . Repair Stations . | . . . . . . . . . . . . Recycling Units 1 | . 1 . . . . . . . . . . Tunnel 1 | . 1 . . . . . . . . . . Scanalyzers . | . . . . . . . . . . . . Garrison Access . | . . . . . . . . . . . . Data Cores Recovered 2 | . . 1 . . . . . . . . 1 Used . | . . . . . . . . . . . . Hacking Detections 38 | . 3 3 4 4 . 7 3 4 2 4 4 Full Trace Events 5 | . 1 1 1 1 . . 1 . . . . Feedback Events . | . . . . . . . . . . . . Feedback Blocked . | . . . . . . . . . . . . Robot Schematics Acquired . | . . . . . . . . . . . . Robots Built . | . . . . . . . . . . . . Authchips . | . . . . . . . . . . . . Time . | . . . . . . . . . . . . Total Robot Build Rating . | . . . . . . . . . . . . Part Schematics Acquired 2 | . . 2 . . . . . . . . . Parts Built . | . . . . . . . . . . . . Authchips . | . . . . . . . . . . . . Time . | . . . . . . . . . . . . Total Part Build Rating . | . . . . . . . . . . . . Part Studies Acquired 6 | . . . . 2 . 2 . . 2 . . Parts Repaired . | . . . . . . . . . . . . Time . | . . . . . . . . . . . . Parts Recycled . | . . . . . . . . . . . . Recycled Matter . | . . . . . . . . . . . . Retrieved Matter . | . . . . . . . . . . . . Retrieved Components . | . . . . . . . . . . . . Parts Scanalyzed 2 | . . 2 . . . . . . . . . Part Schematics Acquired 2 | . . 2 . . . . . . . . . Parts Damaged . | . . . . . . . . . . . . Bothacking | -11 -10 -9 -8 -7 -6 -5 -4 -3 -2 -2 -1 ------------ Run | Yrd Mat Mat Mat Fac Fac Fac Fac Res Res Qua Acc Used RIF Installer . | . . . . . . . . . . . . Robots Hacked . | . . . . . . . . . . . . Non-combat . | . . . . . . . . . . . . Combat . | . . . . . . . . . . . . Robot Hacks Applied . | . . . . . . . . . . . . Relay Couplers Released . | . . . . . . . . . . . . Fabnet Peak Effective % 3 | . . . . . . . 3 1 . . . Robots Rewired . | . . . . . . . . . . . . Allies Hacked . | . . . . . . . . . . . . Hacks Repelled . | . . . . . . . . . . . . Allies | -11 -10 -9 -8 -7 -6 -5 -4 -3 -2 -2 -1 -------- Run | Yrd Mat Mat Mat Fac Fac Fac Fac Res Res Qua Acc Total Allies 1 | . . . . . . . . . . 1 . Largest Group 1 | . . . . . . . . . . 1 . Highest-Rated Group 26 | . . . . . . . . . . 26 . Highest-Rated Ally 26 | . . . . . . . . . . 26 . Total Orders 1 | . . . . . . . . . . 1 . STAY 1 | . . . . . . . . . . 1 . Ally Attacks . | . . . . . . . . . . . . Total Damage . | . . . . . . . . . . . . Kills . | . . . . . . . . . . . . Allies Corrupted . | . . . . . . . . . . . . Allies Melted . | . . . . . . . . . . . . Intel | -11 -10 -9 -8 -7 -6 -5 -4 -3 -2 -2 -1 ------- Run | Yrd Mat Mat Mat Fac Fac Fac Fac Res Res Qua Acc Active Infowar (turns) 3912 | 64 655 630 118 324 87 416 377 364 320 359 198 Sensors 2089 | . . . . 203 87 416 377 364 320 322 . Terrain 1293 | . . 517 17 114 . 291 354 . . . . Structural 3302 | . 109 630 118 324 87 416 377 364 320 359 198 Seismic 810 | 64 546 200 . . . . . . . . . Machine Analysis 1625 | . . . . . . 7 377 364 320 359 198 Robot Analysis Total 2 | . . 2 . . . . . . . . . Derelict Logs Recovered . | . . . . . . . . . . . . Drone Launches . | . . . . . . . . . . . . Drone Recoveries . | . . . . . . . . . . . . Exploration | -11 -10 -9 -8 -7 -6 -5 -4 -3 -2 -2 -1 ------------- Run | Yrd Mat Mat Mat Fac Fac Fac Fac Res Res Qua Acc Turns Passed 4090 | 164 655 634 164 352 87 416 377 364 320 359 198 Spaces Moved 4272 | 63 239 318 225 625 181 528 244 340 589 483 437 Core 4 | 3 . 1 . . . . . . . . . Treads 312 | 60 239 13 . . . . . . . . . Legs . | . . . . . . . . . . . . Wheels . | . . . . . . . . . . . . Hover 3956 | . . 304 225 625 181 528 244 340 589 483 437 Flight . | . . . . . . . . . . . . Fastest Speed 30 | 50 160 56 42 43 40 40 40 36 36 31 30 Average Speed 54 | 154 160 137 45 44 40 40 40 36 36 35 33 Slowest Speed 250 | 160 160 250 106 45 40 40 40 36 96 43 43 Overloaded Moves 295 | . . . . . . . . . . . 295 Propulsion Burnouts . | . . . . . . . . . . . . Robots Hopped . | . . . . . . . . . . . . Potential Cave-ins 4 | . . . 4 . . . . . . . . Cave-ins Triggered 1 | . . . 1 . . . . . . . . Exploration Rate (%) 21 | 4 31 34 36 21 6 17 7 14 17 51 15 Regions Visited 11 Branch Regions 1 Pre-discovered Areas 1 | . 1 . . . . . . . . . . Known Exits Taken 7 | . . . 1 1 1 1 1 1 1 . . Unknown Exits Taken 4 | 1 1 1 . . . . . . . 1 . Scrap Searched . | . . . . . . . . . . . . Spaces Dug 73 | . . 3 14 9 . 10 10 7 9 5 6 Terrain Destroyed 73 | . . 3 14 9 . 10 10 7 9 5 6 Melee 73 | . . 3 14 9 . 10 10 7 9 5 6 Projectile . | . . . . . . . . . . . . AOE . | . . . . . . . . . . . . Terrain Rammed . | . . . . . . . . . . . . Walls Destroyed . | . . . . . . . . . . . . Machines Disabled . | . . . . . . . . . . . . Actions | -11 -10 -9 -8 -7 -6 -5 -4 -3 -2 -2 -1 --------- Run | Yrd Mat Mat Mat Fac Fac Fac Fac Res Res Qua Acc Total 5755 | 97 472 461 264 682 189 711 506 565 682 657 469 Wait 1115 | 5 193 79 10 5 . 161 241 211 70 137 3 Move 4260 | 62 238 317 223 624 180 527 243 340 588 482 436 Hop . | . . . . . . . . . . . . Pick Up 49 | 5 5 10 4 10 2 2 2 1 2 3 3 Fast Attach 42 | 7 3 6 1 7 1 3 2 1 4 3 4 Attach 23 | . . 3 3 5 1 1 2 1 . 3 4 Detach 5 | . . . . 1 . . . . 1 . 3 Swap 23 | . 4 7 3 4 1 1 1 1 1 . . Drop 51 | . 4 12 5 13 1 2 4 . 6 2 2 Fire 69 | 18 25 24 . 1 . 1 . . . . . Melee 98 | . . 3 14 12 3 13 11 10 10 8 14 Ram 6 | . . . . . . . . . . 6 . Kick . | . . . . . . . . . . . . Crush . | . . . . . . . . . . . . Escape Stasis 14 | . . . 1 . . . . . . 13 . Rewire . | . . . . . . . . . . . . Trap . | . . . . . . . . . . . . Miscellaneous . | . . . . . . . . . . . . Route ------- -11/Scrapyard -10/Materials -9/Materials (discovered 3 exits: *Mat / [*Min] / [*Sto]) -8/Materials (discovered 3 exits: *Fac x3) -7/Factory (discovered 3 exits: *Fac / *Low x2) -6/Factory -5/Factory (discovered 3 exits: *Fac / Upp x2) -4/Factory -3/Research (discovered 3 exits: *Res x3) -2/Research (discovered 2 exits: *Qua x2) -2/Quarantine -1/Access Tau Ceti IV Orbit History --------- Turn | Location | Event 22 | -11/Scrapyard | Discovered new exit (range 15) 165 | -11/Scrapyard | Entered Materials 310 | -10/Materials | Build established: Mutant 804 | -10/Materials | Discovered new exit (range 11) 820 | -10/Materials | Entered another Materials area 820 | -9/Materials | Evolved 2 slots: Utility x2 1044 | -9/Materials | Met 8R-AWN 1093 | -9/Materials | Discovered new exit (range 9) 1137 | -9/Materials | Discovered new exit (range 11) 1331 | -9/Materials | Discovered new exit (range 5) 1395 | -9/Materials | Central database locked down 1454 | -9/Materials | Entered another Materials area 1454 | -8/Materials | Evolved 2 slots: Propulsion x1, Utility x1 1571 | -8/Materials | Identified exit to Factory 1610 | -8/Materials | Crushed by falling debris 1618 | -8/Materials | Entered Factory 1618 | -7/Factory | Evolved 2 slots: Power x1, Propulsion x1 1641 | -7/Factory | Lost 3 parts (1n2u) 1666 | -7/Factory | Central database locked down 1869 | -7/Factory | Identified exit to Lower Caves 1910 | -7/Factory | Discovered new exit (range 4) 1911 | -7/Factory | Identified exit to Factory 1945 | -7/Factory | Build established: Scout 1970 | -7/Factory | Entered another Factory area 1970 | -6/Factory | Evolved 2 slots: Propulsion x1, Utility x1 2010 | -6/Factory | Spotted B-75 Beast 2041 | -6/Factory | Discovered new exit (range 11) 2054 | -6/Factory | Identified exit to Factory 2057 | -6/Factory | Entered another Factory area 2057 | -5/Factory | Evolved 2 slots: Utility x2 2214 | -5/Factory | Identified exit to Upper Caves 2262 | -5/Factory | Build established: Hacker-Scout 2432 | -5/Factory | Discovered new exit (range 16) 2453 | -5/Factory | Identified exit to Factory 2473 | -5/Factory | Entered another Factory area 2473 | -4/Factory | Evolved 2 slots: Utility x2 2834 | -4/Factory | Discovered new exit (range 13) 2849 | -4/Factory | Identified exit to Research 2850 | -4/Factory | Entered Research 2850 | -3/Research | Evolved 2 slots: Power x1, Propulsion x1 3156 | -3/Research | Identified exit to Research 3214 | -3/Research | Entered another Research area 3214 | -2/Research | Evolved 2 slots: Utility x2 3462 | -2/Research | Central database locked down 3488 | -2/Research | Identified exit to Quarantine 3500 | -2/Research | Found Prototype Hackware 3500 | -2/Research | Identified Exp. System Shield 3534 | -2/Research | Entered Quarantine 3584 | -2/Quarantine | Watched by a mysterious "MATRIX" hacker. 3604 | -2/Quarantine | Met incapacitated Sigix Warrior 3604 | -2/Quarantine | Lockdown squad dispatched 3605 | -2/Quarantine | Acquired the access code to the Sigix quarantine chamber 3606 | -2/Quarantine | Unlocked Sigix quarantine chamber 3609 | -2/Quarantine | Found Sigix Containment Pod 3799 | -2/Quarantine | Build established: Wizard-Scout 3869 | -2/Quarantine | Scanned by Researcher 3881 | -2/Quarantine | Discovered new exit (range 13) 3887 | -2/Quarantine | Lost 5 parts (1p2n2u) 3889 | -2/Quarantine | Found Alien Artifact 3893 | -2/Quarantine | Entered Access 3893 | -1/Access | Evolved 2 slots: Propulsion x1, Utility x1 3895 | -1/Access | Identified Subatomic Replicator 3896 | -1/Access | Used Subatomic Replicator to replicate Antigrav Array+ 4013 | -1/Access | Identified exit to Surface 4091 | *** | Destroyed 0b10! Last Messages --------------- 04043_ ALERT: Potential suspicious activity detected, Q-Series report to Access Zone 2S. 04056_ >> Machine Analyzer network decryption results: 04056_ Terminal x1 04058_ Q463-h: IFF CHECK FAIL. [Achievement: Tailor-made] 04068_ >> Machine Analyzer network decryption results: 04068_ Scanalyzer x2 04068_ Terminal x1 04072_ ALERT: Suspicious intruders detected, dispatching Cutter reinforcements to area. 04089_ Connecting with Terminal... >>Open(Door) Sealed Barrier opened. 04089_ Airjet+ severed. 04090_ The Access Shell folds into the floor. [Achievement: 20k Club] [Achievement: Payload Armed] Map ----- +----------------------------------------------------+ | ?????????????????????????????????????????????? # | | ?????????????????????????????????????????????? # | | ?????????????????????????????????????????????? # | | ??????????????????????????????????????""?????? # | | ??????????????????????????????????????""?????? # | | ??????????????????????????????????????T"?????? # | | ??????????????????????????????????????""????????? | | ??????????????????????????????????????""?????????? | | ?????????????????????????????????????????????????? | | ?????????????##################### ########?? | | ?????????????#######################+########## | | ????????????? | | ????????????? | | ???????????????????## ""#####+#+########?? | | ???????????????????## ""### ##??? | | ???????????????????## c""### ##??? | | ???????????????????## ccT### " ##??? | | ???????????????????## =""### """ ##??? | | ??????????????????### c""### """ ##??? | | ??????????????????### ""### " ##### | | ??????????????????## ## ##### | | ??????????????????### ### ## | | ??????????????????### ### """ ## | | ???????????????????## ### """S"" ## | | ???????????????????## ### """""" ## | | ???????????????????## @" ### ## | | ???????????????????## "" ### "# | | ???????????????????## ###############" | | ???????????????????## ################ " | | ???????????????????## ##???????####### | | ???????????????????##""""""""""##???????#######"## | | ???????????????????##"????????"##???????## | | ????????????????????????????????????????## | | ????????????????????????????????????????## | | ????????????????????????????????????????## | | ????????????????????????????????????????## | | ????????????????????????????????????????## | | ????????????????????????????????????????## | | ????????????????????????????????????????## | | ????????????????????????????????????????### | | ????????????????????????????????????????### | | ?????????????????????????????????????????## # | | ?????????????????????????????????????????####### # | | ?????????????????????????????????????????####### # | | ??????????????????????????????????????????????## " | | ??????????????????????????????????????????????## # | | ??????????????????????????????????????????????## # | | ??????????????????????????????????????????????## # | | ??????????????????????????????????????????????## # | | ????????????????????"?????????????????????????##/# | +----------------------------------------------------+ Best States ------------- Heat Dissipation 52 Energy Generation 26 Energy Capacity 820 Matter Stores 300 Matter Capacity 300 Sight Range 16 Robot Scan Range 16 Terrain Scan Range 16 Terrain Scan Density 110 Evasion (%) 59 Targeting Accuracy 8 Recoil Reduction 2 Offensive Hacking 48 Defensive Hacking 38 Item Schematics ----------------- Aerolev Unit | -9/Materials | Scanalyzed Airjet | -9/Materials | Scanalyzed Robot Schematics ------------------ None Fabricated ------------ Nothing Repaired ---------- Nothing Studied --------- Gravmag System | -7/Factory | Hacked Airjet | -7/Factory | Hacked Lgt. Nuclear Core | -5/Factory | Hacked Mic. Nuclear Core | -5/Factory | Hacked Antigrav Array | -2/Research | Hacked Chainsword | -2/Research | Hacked Alien Tech Used ----------------- Subatomic Replicator Achievements -------------- 20k Club Payload Armed Tailor-made Challenges ------------ None Game ------ Seed NavigationRelayDoomcannon Manual? 0 Play Time 01:28:16 Cumulative 160.8 hours Start 2026.04.07 @ 20:34:33 End 2026.04.08 @ 09:21:32 Sessions 7 Manual Loads 0 Difficulty Rogue Special Mode None Game No. 230 Rogue 230 Adventurer 0 Explorer 0 Win Type 3 Total 2 Types 1/0/0/1/0/0/0/0/0/0 Lore% 69 Gallery% 58 Achievement% 44 Wizard Run 0 Options --------- Layout 2 ASCII 0 Keyboard 0 Movement Mouse Keybinds 0 Fullscreen 1 Font 24/Smallcaps Map View 50x44 Zoom Use 0% Tactical HUD 1 Map Filters NONE Filters NONE Steam 1 RUN: 40068045-99c0-4870-8b74-0a647b87e310